 Dungeon Crawl Stone Soup version 0.31-a0-256-g80acddb972 (webtiles) character file.

Game seed: 16345275941877768325

95 Ijustatesigmund the Stinger (level 4, -5/28 HPs)
             Began as an Octopode Venom Mage on July 13, 2023.
             Was an Initiate of Vehumet.
             Slain by Grinder (6 damage)
             ... on level 3 of the Dungeon.
             The game lasted 00:04:56 (3125 turns).

Ijustatesigmund the Stinger (Octopode Venom Mage)   Turns: 3125, Time: 00:04:57

Health: -5/28      AC:  2    Str:  6 (7)  XL:     4   Next: 65%
Magic:  7/8        EV: 13    Int: 16 (19) God:    Vehumet [......]
Gold:   213        SH:  0    Dex:  9 (12) Spells: 2/8 levels left

rFire   + . .        c - +1 short sword (speed)
rCold   + . .        (no shield)
rNeg    . . .        (helmet restricted)
rPois   +            (no amulet)
rElec   +            (no ring)
rCorr   +            (no ring)
SInv    .            (no ring)
Will    .....        (no ring)
Stlth   +++          (no ring)
HPRegen 0.24/turn    (no ring)
MPRegen 0.11/turn    (no ring)
                     (no ring)

%: no passive effects
@: mighty, resistant, hasted, very quick
A: almost no armour, amphibious, 8 rings, camouflage 1, gelatinous body 1,
(nimble swimmer 1), tentacles, shaggy fur 1
a: Renounce Religion


You were on level 3 of the Dungeon.
You worshipped Vehumet.
Vehumet was noncommittal.
You visited 1 branch of the dungeon, and saw 3 of its levels.

You collected 213 gold pieces.

Inventory:

Hand Weapons
 c - a +1 short sword of speed (weapon)
 m - a +0 flail of holy wrath
 n - a +1 heavy flail
Talismans
 q - a serpent talisman
Wands
 o - a wand of flame (15)
Potions
 a - a potion of magic
 e - a potion of enlightenment
 h - a potion of cancellation
 i - a potion of haste


   Skills:
 - Level 1.2 Fighting
 - Level 2.0 Dodging
 - Level 2.6 Stealth
 + Level 2.8 Spellcasting
 + Level 1.2 Conjurations
 - Level 1.0 Transmutations
 + Level 1.6 Air Magic
 + Level 4.4 Poison Magic


You had 2 spell levels left.
You knew the following spells:

 Your Spells              Type           Power      Damage    Failure   Level
a - Sting                 Tmut/Pois      44%        1d5       6%          1
b - Poisonous Vapours     Pois/Air       24%        N/A       9%          2
c - Mephitic Cloud        Conj/Pois/Air  10%        N/A       22%         3

Your spell library contained the following spells:

 Spells                   Type           Power      Damage    Failure   Level
 Olgreb's Toxic Radiance  Pois           16%        N/A       30%         4


Dungeon Overview and Level Annotations

Branches:
Dungeon (3/15)

Altars:
Fedhas
Vehumet

Annotations:
D:3 Grinder


Innate Abilities, Weirdness & Mutations

You cannot wear most types of armour.
You are amphibious.
You can wear up to eight rings at the same time.
Your skin changes colour to match your surroundings (Stealth+).
Your rubbery body absorbs attacks. (AC +1, EV +1)
((You are camouflaged when in or above water. (Stealth+)))
You have tentacles for arms and can constrict up to eight enemies at once.
You are covered in fur. (AC +1)


Message History

Grinder is lightly wounded.
You constrict Grinder. Grinder hits you.
You writhe in agony.
You hit Grinder but do no damage. You squeeze Grinder.
Grinder is moderately wounded.
You constrict Grinder, but do no damage.
You hit Grinder.
Grinder is moderately wounded.
You constrict Grinder. Grinder hits you.
You writhe in agony.
It was a potion of resistance.
You feel protected.
You constrict Grinder, but do no damage.
It was a potion of curing.
You feel better.
You constrict Grinder. Grinder hits you!
You writhe in agony.
* * * LOW HITPOINT WARNING * * *
You hit Grinder.
Grinder is heavily wounded.
You constrict Grinder.
It was a potion of mutation.
You feel extremely strange.
You feel clever. Fur sprouts all over your body.
You feel stupid.
You constrict Grinder.
Grinder blinks free!
It was a potion of degeneration.
There was something very wrong with that liquid.
You feel weakened.
You feel dopey.
You feel clumsy. Grinder gestures at you.
You suddenly lose the ability to move!
Grinder drinks a potion.
Grinder is healed!
Grinder gestures at you. You resist with significant effort. Grinder hits you.
* * * LOW HITPOINT WARNING * * *
You writhe in agony.
* * * LOW HITPOINT WARNING * * *
You can move again.
It was a potion of might.
You feel very mighty all of a sudden.
You closely miss Grinder. You grab Grinder. You squeeze Grinder!
Grinder is heavily wounded.
You constrict Grinder, but do no damage.
Grinder hits you.
You die...

############### #####
#.............. #....
#.############# #.... #.#
############...5###.##########
................@...........>#
#.....######....###.########.#
#.###.#############.### #.#
#......)..# #........# #.#
...##.###.# #).......# #.#
...+..# #.####........######.#
...#### #...........##.......#
#### ##########..##..#.#..#
#..................#


You could see Grinder.

Vanquished Creatures
  2 adders
  A worm (D:2)
  A dart slug (D:3)
  9 orcs (D:3)
  3 endoplasms
  A giant cockroach (D:2)
  5 goblins
  6 hobgoblins
  5 jackals (D:1)
  3 quokkas
  5 ball pythons
  4 bats
  3 frilled lizards (D:1)
  8 kobolds
  5 rats
61 creatures vanquished.

Notes
Turn   | Place    | Note
-------+----------+-------------------------------------------
     0 | D:1      | Ijustatesigmund the Octopode Venom Mage began the quest for
                  | the Orb.
     0 | D:1      | Reached XP level 1. HP: 11/11 MP: 3/3
   201 | D:1      | Reached XP level 2. HP: 14/18 MP: 3/5
   363 | D:1      | Learned a level 2 spell: Poisonous Vapours
   596 | D:1      | Reached skill level 1 in Fighting
   685 | D:1      | Reached skill level 4 in Poison Magic
   944 | D:1      | Reached XP level 3. HP: 21/23 MP: 3/6
   948 | D:1      | Learned a level 3 spell: Mephitic Cloud
  1547 | D:2      | Found a faded altar of an unknown god.
  1605 | D:2      | Reached skill level 1 in Air Magic
  2167 | D:3      | Reached XP level 4. HP: 28/28 MP: 0/7
  2340 | D:3      | Found a blossoming altar of Fedhas.
  2355 | D:3      | Reached skill level 1 in Conjurations
  2542 | D:3      | Found a radiant altar of Vehumet.
  2553 | D:3      | Became a worshipper of Vehumet
  3105 | D:3      | Noticed Grinder
  3117 | D:3      | Gained mutation: Your mind is acute. (Int +4, Str/Dex -1)
                  | [potion of mutation]
  3117 | D:3      | Gained mutation: You are covered in fur. (AC +1) [potion of
                  | mutation]
  3117 | D:3      | Lost mutation: Your mind is acute. (Int +4, Str/Dex -1)
                  | [potion of mutation]
  3118 | D:3      | Paralysed by Grinder for 5 turns
  3123 | D:3      | HP: 1/28 [Grinder (1)]
  3125 | D:3      | Slain by Grinder

Illustrated notes

Levels and vault maps discovered:
D:1:      psy_arrival_heroes, layout_basic, minmay_misc_feat_tiny
D:2:      layout_rooms, shapermc_ecumenical_altar_mp_vishouse
D:3:      layout_basic, fedhas_ov_isle_minmay, vehumet_altar_wand_db,
          serial_glass, glass_columns_a, glass_columns_a, glass_columns_b,
          glass_columns_a, uniq_grinder

Skill      XL: |  1  2  3  4 |
---------------+-------------+-----
Fighting       | 1 |  1.2
Poison Magic   | 4 |  4.4
Air Magic      | 1 |  1.6
Conjurations   | 1 |  1.2
Dodging        | |  2.0
Stealth        | |  2.6
Spellcasting   | |  2.8
Transmutations | |  1.0

Action                     |  1- 3 |  4- 6 || total
---------------------------+-------+-------++-------
  Melee: Unarmed           |     9 |       ||     9
         Tentacles         |    16 |    16 ||    32
         Constrict         |    20 |    13 ||    33
         Short sword       |    53 |    37 ||    90
         Punch             |     1 |     1 ||     2
   Cast: Sting             |    16 |     5 ||    21
         Poisonous Vapours |    27 |    17 ||    44
    Use: Scroll            |       |     6 ||     6
         Potion            |       |     6 ||     6
   Stab: Sleeping          |     4 |       ||     4
         Distracted        |     1 |       ||     1
 Armour: Skin              |     4 |       ||     4
  Dodge: Dodged            |    35 |    17 ||    52

Table legend: (Time is in decaauts)
 A = Elapsed time spent in this place.
 B = Non-inter-level travel time spent in this place.
 C = Inter-level travel time spent in this place.
 D = Time resting spent in this place.
 E = Time spent auto-exploring this place.
 F = Levels seen in this place.
 G = Mean time per level.
                   A        B        C        D        E       F      G
               +--------+--------+--------+--------+--------+-----+--------+
         Total |   3091 |   3035 |     56 |    356 |   2310 |   3 | 1030.3 |
       Dungeon |   3091 |   3035 |     56 |    356 |   2310 |   3 | 1030.3 |
               +--------+--------+--------+--------+--------+-----+--------+

Top non-repeatable levels by time:
     D:3: 1181 daAuts
     D:1: 1136 daAuts
     D:2: 773 daAuts
